 Dungeon Crawl Stone Soup version 0.24-a0-130-ga3c21ff (webtiles) character file.

Game seed: 0

68840 Mgcat the Severer (level 14, -7/121 HPs)
             Began as a Centaur Fighter on Feb 26, 2019.
             Was an Elder of Uskayaw.
             Mangled by Snorg (13 damage)
             ... on level 13 of the Dungeon.
             The game lasted 00:54:42 (23739 turns).

Mgcat the Severer (Centaur Fighter)                Turns: 23739, Time: 00:54:42

Health: -7/121     AC: 19    Str: 28    XL:     14   Next: 88%
Magic:  17/21      EV: 13    Int:  7    God:    Uskayaw [****..]
Gold:   1305       SH:  3    Dex: 10    Spells: 13/13 levels left

rFire    . . .     SeeInvis .   a - +3 battleaxe (freeze)
rCold    . . .     Gourm    .   (shield currently unavailable)
rNeg     . . .     Faith    .   V - +3 chain mail {MR+}
rPois    .         Spirit   .   P - +2 helmet
rElec    .         Reflect  +   A - +1 cloak
rCorr    .         Harm     .   O - +1 pair of gloves {Str+3}
MR       ++...                  (no barding)
Stlth    ..........             i - +3 amulet of reflection
HPRegen  0.30/turn              y - +5 ring of evasion
MPRegen  0.17/turn              j - +2 ring of slaying

@: very quick
A: large, hooves 3, agile 1, deformed body, speed 2, tough skin 3, MP-powered
wands
a: Stomp, Line Pass, Renounce Religion


You were on level 13 of the Dungeon.
You worshipped Uskayaw.
Uskayaw was aware of your devotion.
You were hungry.

You visited 3 branches of the dungeon, and saw 21 of its levels.

You collected 1991 gold pieces.
You spent 686 gold pieces at shops.

Inventory:

Hand Weapons
 a - a +3 battleaxe of freezing (weapon)
   (You took it off a wight on level 8 of the Dungeon)
Missiles
 N - a javelin (quivered)
Armour
 c - a +0 shield
 A - a +1 cloak (worn)
   (You found it on level 7 of the Dungeon)
 O - a +1 pair of gloves of strength (worn)
   (You bought it in a shop on level 2 of the Orcish Mines)
 P - a +2 helmet (worn)
   (You found it on level 6 of the Lair of Beasts)
 V - a +3 chain mail of magic resistance (worn)
   (You bought it in a shop on level 2 of the Orcish Mines)
Jewellery
 i - a +3 amulet of reflection (around neck)
   (You found it on level 1 of the Dungeon)
 j - a +2 ring of slaying (right hand)
   (You found it on level 1 of the Dungeon)
 o - an uncursed ring of resist corrosion
   (You found it on level 5 of the Lair of Beasts)
 y - a +5 ring of evasion (left hand)
   (You found it on level 8 of the Dungeon)
 D - an uncursed ring of positive energy {rN+}
   (You found it on level 10 of the Dungeon)
 J - an uncursed ring of see invisible {sInv, !d}
   (You found it on level 3 of the Lair of Beasts)
 T - an uncursed ring of protection from magic {MR+, !d}
   (You found it on level 12 of the Dungeon)
Wands
 b - a wand of acid (15)
   (You found it on level 6 of the Lair of Beasts)
 p - a wand of scattershot (5)
   (You found it on level 6 of the Dungeon)
 z - a wand of clouds (5)
   (You found it on level 7 of the Dungeon)
Scrolls
 e - 6 scrolls of identify
 m - 10 scrolls of fear
 n - 3 scrolls of blinking {!r}
 s - 8 scrolls of teleportation
 C - 4 scrolls of magic mapping {!r}
 H - 3 scrolls of remove curse
Potions
 g - 4 potions of haste
 k - 7 potions of flight
 r - 11 potions of curing
 t - 2 potions of lignification {!q}
 v - 6 potions of agility
 w - 2 potions of cancellation
 x - 2 potions of ambrosia
 B - a potion of brilliance
 F - 5 potions of heal wounds
 G - a potion of magic
 I - a potion of berserk rage {!q}
 K - 3 potions of might
Miscellaneous
 l - a phantom mirror
 Q - a box of beasts
Comestibles
 f - 34 rations


   Skills:
 - Level 10.0 Fighting
 + Level 17.0 Axes
 - Level 5.8 Armour
 - Level 5.0 Dodging
 - Level 5.7 Shields
 - Level 10.0 Invocations
 - Level 5.0 Evocations


You had 13 spell levels left.
You didn't know any spells.
Your spell library contained the following spells:

 Spells                   Type           Power        Failure   Level  Hunger
 Confusing Touch          Hex            #.....       93%         1    ##.....
 Corona                   Hex            #......      93%         1    ##.....
 Ensorcelled Hibernation  Hex/Ice        #.....       98%         2    ###....
 Confuse                  Hex            #.......     100%        3    ####...
 Dazzling Spray           Conj/Hex       #.....       100%        3    ####...
 Gell's Gravitas          Tloc           #.........   100%        3    ####...
 Tukima's Dance           Hex            #.......     100%        3    ####...
 Petrify                  Tmut/Erth      #.......     100%        4    #####..
 Metabolic Englaciation   Hex/Ice        #.........   100%        5    ######.
 Yara's Violent Unravell  Hex/Tmut       #.........   100%        5    ######.


Dungeon Overview and Level Annotations

Branches:
Dungeon (13/15)            Temple (0/1) D:6            Lair (6/6) D:10
 Shoals (0/4) Lair:4        Snake (0/4) Lair:3        Slime (0/5) Lair:6
    Orc (2/2) D:12            Elf (0/3) Orc:2
 Vaults: D:13-14

Altars:
Elyvilon
Fedhas
Gozag
Hepliaklqana
Makhleb
Okawaru
Ru
Sif Muna
Uskayaw
Vehumet
Wu Jian
Xom
Zin
The Shining One
Beogh

Shops:
D:10 (   D:12 [   Orc:2 [*=[(

Annotations:
D:8 1 runed translucent door, arkorax's ghost, novice DsWn
D:13 Snorg
Lair:3 exclusion: oklob plant
Lair:5 exclusion: 2 oklob plants


Innate Abilities, Weirdness & Mutations

You have hooves in place of feet.
Armour fits poorly on your strangely shaped body.
You cover ground very quickly.
You have extremely tough skin. (AC +3)
You are agile. (Dex +2)
You expend magic power (3 MP) to strengthen your wands.


Message History

Press: ? - help, Shift-Dir - straight line, f - Snorg
Aim: Snorg You throw a javelin.
The javelin hits Snorg!
Snorg is lightly wounded.
A worker ant comes into view.
Spoiler Alert: Snorg can berserk and hit for high damage!
Throwing (i - inventory)
N - 3 javelins (quivered)
Press: ? - help, Shift-Dir - straight line, f/p - Snorg
Aim: Snorg (lightly wounded)
You throw a javelin. The javelin completely misses Snorg.
Throwing (i - inventory)
N - 2 javelins (quivered)
Press: ? - help, Shift-Dir - straight line, f/p - Snorg
Aim: Snorg (lightly wounded)
You throw a javelin. The javelin closely misses Snorg.
Snorg closely misses you. Snorg barely misses you. Snorg claws you.
You take 2 damage, and have 113/121 hp.
Spoiler Alert: Snorg can berserk and hit for high damage!
You barely miss Snorg. You kick Snorg, but do no damage.
Snorg is lightly wounded.
Snorg goes berserk!
Lua error: [string "/dgldir/rcfiles/crawl-git/Mgcat.rc"]:926: invalid capture index You hit Snorg.
You freeze Snorg. You kick Snorg.
Snorg is lightly wounded.
You slice the worker ant!! You freeze the worker ant.
You kill the worker ant!
Snorg bites you. Snorg claws you. Snorg claws you but does no damage.
Uskayaw will force your foes to share their pain.
You take 5 damage, and have 108/121 hp.
Lua error: [string "/dgldir/rcfiles/crawl-git/Mgcat.rc"]:926: invalid capture index You slice Snorg!!
You freeze Snorg.
Snorg is moderately wounded.
You block Snorg's attack. Snorg claws you but does no damage. x2
Lua error: [string "/dgldir/rcfiles/crawl-git/Mgcat.rc"]:926: invalid capture index You slash Snorg!
You freeze Snorg. You kick Snorg!
Snorg is heavily wounded.
Snorg bites you!
Snorg closely misses you. x3; Snorg misses you.
You block Snorg's attack.
You take 12 damage, and have 97/121 hp.
Lua error: [string "/dgldir/rcfiles/crawl-git/Mgcat.rc"]:926: invalid capture index You barely miss Snorg.
Snorg is heavily wounded.
Snorg bites you! Snorg claws you. Snorg claws you but does no damage.
You take 15 damage, and have 82/121 hp.
Lua error: [string "/dgldir/rcfiles/crawl-git/Mgcat.rc"]:926: invalid capture index You are too injured to fight recklessly!
Lua error: [string "/dgldir/rcfiles/crawl-git/Mgcat.rc"]:926: invalid capture index You slash Snorg!
You freeze Snorg. Your kick misses Snorg.
Snorg is heavily wounded.
Snorg misses you. Snorg claws you. Snorg barely misses you.
You take 2 damage, and have 80/121 hp.
Lua error: [string "/dgldir/rcfiles/crawl-git/Mgcat.rc"]:926: invalid capture index You hit Snorg.
You freeze Snorg. You kick Snorg.
Snorg is severely wounded.
Snorg bites you but does no damage. Snorg claws you.
Snorg claws you but does no damage. Snorg barely misses you. Snorg claws you!
Snorg closely misses you.
You take 20 damage, and have 60/121 hp.
Lua error: [string "/dgldir/rcfiles/crawl-git/Mgcat.rc"]:926: invalid capture index You hit Snorg.
You freeze Snorg.
Snorg is severely wounded.
Snorg bites you! Snorg claws you!
* * * LOW HITPOINT WARNING * * *
Snorg claws you but does no damage.
You take 26 damage, and have 34/121 hp.
MASSIVE DAMAGE!!
Lua error: [string "/dgldir/rcfiles/crawl-git/Mgcat.rc"]:926: invalid capture index
Aiming: Line Pass
Press: ? - help, Dir - move target cursor, f/p - Snorg
Aim: Snorg (severely wounded, berserk, fast, unusually strong)
You can't stand on top of the monster!
Aiming: Line Pass
Press: ? - help, Dir - move target cursor, f - you, p - Snorg
Okay, then.
Lua error: [string "/dgldir/rcfiles/crawl-git/Mgcat.rc"]:926: invalid capture index
Aiming: Line Pass
Press: ? - help, Dir - move target cursor, p - Snorg Snorg appears confused.
You are feeling hungry.
You now have 17/21 mp.
Spoiler Alert: Snorg (berserk) can berserk and hit for high damage!
You slice Snorg!! You freeze Snorg. You kick Snorg!
Snorg is almost dead.
Uskayaw will force your foes to share their pain.
Lua error: [string "/dgldir/rcfiles/crawl-git/Mgcat.rc"]:926: invalid capture index Lua error: [string "/dgldir/rcfiles/crawl-git/Mgcat.rc"]:926: invalid capture index Snorg seems less confused.
Spoiler Alert: Snorg (berserk) can berserk and hit for high damage!
You slash Snorg! You freeze Snorg. Your kick misses Snorg.
Snorg is almost dead.
Snorg closely misses you. Snorg claws you but does no damage.
Snorg closely misses you.
Lua error: [string "/dgldir/rcfiles/crawl-git/Mgcat.rc"]:926: invalid capture index You barely miss Snorg.
You kick Snorg.
Snorg is almost dead.
Snorg misses you. Snorg claws you!
* * * LOW HITPOINT WARNING * * *
Snorg barely misses you. Snorg bites you!
* * * LOW HITPOINT WARNING * * *
Snorg claws you!
You die...

.. ..# #...##... .#
###..# #....#..#
#>##(...##.##........
#....(...........<..#
.......# ###....<...
#..##.# #.###.)..
#.##.# #.###))..
#.†#.# #.##.....
##@.#.# #.#..##..
#.T...# #....# #.
#.....# ###....####
#.....###..........
##.........##...####
#.......##......#
###.#...#.........
####..#..##.#..##
##...#####...#


You could see Snorg (berserk).

Vanquished Creatures
  An orc warlord (Orc:2)
  A fire dragon (Lair:6)
  An ettin (Orc:1)
  4 hydras
  A catoblepas (D:12)
  Erica (Lair:1)
  9 two-headed ogres
  6 death yaks (Lair:6)
  An orc high priest (Orc:2)
  A fire crab (Lair:6)
  3 skeletal warriors (D:13)
  5 orc knights (Orc:2)
  5 orc sorcerers (Orc:2)
  An ugly thing (D:8)
  A cyclops (D:12)
  A manticore (D:12)
  Joseph (Lair:1)
  10 elephants
  10 black mambas
  A merfolk siren (Lair:4)
  2 gargoyles
  Psyche (D:8)
  3 molten gargoyles (Lair:6)
  9 spiny frogs
  A kobold demonologist (D:11)
  11 komodo dragons
  5 trolls
  4 rime drakes
  3 merfolk (Lair:4)
  5 polar bears
  Prince Ribbit (D:5)
  A hornet (D:3)
  Grinder (D:5)
  6 slime creatures
  3 hippogriffs
  A spriggan (D:7)
  4 wyverns
  33 yaks
  5 basilisks
  2 steam dragons (Lair:6)
  A hungry ghost (D:11)
  3 vampire mosquitoes (D:12)
  2 wargs
  12 porcupines
  15 water moccasins
  5 hell hounds (Lair:6)
  13 ice beasts
  31 orc warriors
  4 sky beasts
  3 black bears
  9 ogres
  A necrophage (D:7)
  4 phantoms
  5 centaurs
  14 crocodiles
  12 wolves
  A big kobold (D:11)
  20 bullfrogs
  2 wyvern skeletons (D:11)
  4 scorpions
  17 killer bees
  12 wights
  3 howler monkeys
  8 crimson imps
  2 centaur zombies
  A quasit (D:11)
  5 lava snakes (Lair:6)
  2 bullfrog zombies
  3 hounds
  6 jellies
  15 orc wizards
  16 orc priests
  A bullfrog skeleton (D:7)
  5 centaur skeletons
  Ijyb (D:5)
  3 iguanas
  16 worker ants
  7 hell rats (Lair:5)
  A howler monkey skeleton (D:6)
  3 worker ant zombies
  20 adders
  2 shadow imps
  A white imp (Lair:6)
  2 oozes
  An adder zombie (D:8)
  3 adder skeletons
  3 worms
  A dart slug (D:3)
  4 leopard geckos
  83 orcs
  2 ball pythons
  7 bats
  4 giant cockroaches
  7 goblins
  3 hobgoblins
  20 jackals
  10 kobolds
  3 quokkas
  A frilled lizard (D:2)
  A leopard gecko zombie (D:6)
  A quokka zombie (D:7)
  8 rats
  2 bushes (Lair:3)
  5 fungi
  12 plants
659 creatures vanquished.

Vanquished Creatures (others)
  53 fungi
  34 plants
87 creatures vanquished.

Grand Total: 746 creatures vanquished

Notes
Turn   | Place    | Note
-------+----------+-------------------------------------------
     0 | D:1      | Mgcat the Centaur Fighter began the quest for the Orb.
     0 | D:1      | Reached XP level 1. HP: 19/19 MP: 1/1
   547 | D:2      | Reached skill level 2 in Axes
   551 | D:2      | Reached XP level 2. HP: 25/26 MP: 2/2
   569 | D:2      | Reached XP level 3. HP: 26/31 MP: 3/3
   875 | D:2      | HP: 5/31 [acid (10)]
  1144 | D:2      | Reached XP level 4. HP: 33/38 MP: 4/4
  1548 | D:2      | Reached XP level 5. HP: 41/46 MP: 5/5
  1857 | D:3      | Reached skill level 3 in Armour
  1927 | D:3      | Noticed a hornet
  1938 | D:3      | Killed a hornet
  1938 | D:3      | Reached skill level 4 in Fighting
  1938 | D:3      | Reached skill level 3 in Axes
  1938 | D:3      | Reached skill level 3 in Shields
  1938 | D:3      | Reached skill level 1 in Evocations
  1938 | D:3      | Reached XP level 6. HP: 48/52 MP: 6/6
  1984 | D:3      | Found a radiant altar of Vehumet.
  2765 | D:4      | Reached XP level 7. HP: 60/60 MP: 8/8
  2829 | D:4      | Noticed a +0 dagger
  2830 | D:4      | Noticed a +0 hand axe
  2877 | D:4      | Found a hide-covered altar of Uskayaw.
  3148 | D:4      | Became a worshipper of Uskayaw the Reveler
  3177 | D:5      | Entered Level 5 of the Dungeon
  3204 | D:5      | Noticed Grinder
  3208 | D:5      | Reached * piety under Uskayaw
  3209 | D:5      | Reached ** piety under Uskayaw
  3211 | D:5      | Killed Grinder
  3211 | D:5      | Reached skill level 1 in Invocations
  3211 | D:5      | Reached skill level 2 in Evocations
  3214 | D:5      | Found an iron altar of Okawaru.
  3279 | D:5      | Noticed Prince Ribbit
  3349 | D:5      | Killed Prince Ribbit
  3349 | D:5      | Reached skill level 5 in Fighting
  3349 | D:5      | Reached skill level 4 in Axes
  3349 | D:5      | Reached skill level 2 in Invocations
  3349 | D:5      | Reached XP level 8. HP: 18/68 MP: 9/9
  3585 | D:5      | Found an ornate altar of the Wu Jian Council.
  3880 | D:5      | Noticed Ijyb
  3887 | D:5      | Killed Ijyb
  3938 | D:5      | Reached skill level 4 in Armour
  3958 | D:5      | Found a shimmering altar of Xom.
  3959 | D:5      | Found an opulent altar of Gozag.
  3960 | D:5      | Found a deep blue altar of Sif Muna.
  4132 | D:5      | Found a blossoming altar of Fedhas.
  4132 | D:5      | Found a burning altar of Makhleb.
  4284 | D:6      | Reached skill level 4 in Shields
  4294 | D:5      | Found a white marble altar of Elyvilon.
  4345 | D:6      | Reached skill level 3 in Evocations
  4418 | D:6      | Reached skill level 3 in Invocations
  4418 | D:6      | Reached *** piety under Uskayaw
  4429 | D:6      | Reached **** piety under Uskayaw
  4591 | D:6      | Found a staircase to the Ecumenical Temple.
  4733 | D:6      | HP: 14/70 [orc warrior/+0 halberd (6)]
  4736 | D:6      | HP: 2/70 [something/puff of flame (10)]
  5050 | D:6      | Reached skill level 6 in Fighting
  5050 | D:6      | Reached skill level 5 in Axes
  5050 | D:6      | Reached XP level 9. HP: 50/75 MP: 7/11
  5244 | D:6      | Found a sacrificial altar of Ru.
  5309 | D:6      | Reached skill level 4 in Invocations
  5494 | D:7      | Reached skill level 4 in Evocations
  5923 | D:7      | Found a hazy altar of Hepliaklqana.
  6427 | D:7      | Reached skill level 5 in Armour
  6650 | D:8      | Noticed Psyche
  6675 | D:8      | Reached skill level 5 in Shields
  6675 | D:8      | Reached skill level 5 in Invocations
  6680 | D:8      | Reached ***** piety under Uskayaw
  6691 | D:8      | Noticed a two-headed ogre
  6691 | D:8      | Reached ****** piety under Uskayaw
  6695 | D:8      | Killed a two-headed ogre
  6695 | D:8      | Reached skill level 7 in Fighting
  6695 | D:8      | Reached skill level 5 in Evocations
  6695 | D:8      | Reached XP level 10. HP: 45/86 MP: 12/14
  6713 | D:8      | Reached skill level 6 in Axes
  6730 | D:8      | Noticed a two-headed ogre
  7068 | D:8      | Killed a two-headed ogre
  7080 | D:8      | Reached skill level 6 in Invocations
  7143 | D:8      | Killed Psyche
  7250 | D:8      | Noticed a brown ugly thing
  7258 | D:8      | Killed a brown ugly thing
  7565 | D:8      | Found a glowing golden altar of the Shining One.
  7701 | D:8      | Found a runed translucent door.
  7701 | D:8      | Found a shimmering altar of Xom.
  7701 | D:8      | Noticed arkorax's ghost (novice DsWn)
  7701 | D:8      | Noticed a +0 hand axe of chaos
  7917 | D:9      | Reached skill level 7 in Axes
  8474 | D:9      | Noticed a two-headed ogre
  8478 | D:9      | Killed a two-headed ogre
  8478 | D:9      | Reached skill level 8 in Axes
  8478 | D:9      | Reached XP level 11. HP: 93/93 MP: 15/15
  8897 | D:10     | Entered Level 10 of the Dungeon
  8974 | D:10     | Reached skill level 9 in Axes
  9175 | D:10     | Noticed a two-headed ogre
  9183 | D:10     | Killed a two-headed ogre
  9210 | D:10     | Reached skill level 10 in Axes
  9421 | D:10     | Found a staircase to the Lair.
  9692 | D:10     | Found Nikor's Weapon Shoppe.
  9694 | D:10     | Noticed a two-headed ogre
  9702 | D:10     | Killed a two-headed ogre
  9702 | D:10     | Reached skill level 11 in Axes
  9740 | D:10     | Noticed a two-headed ogre
  9746 | D:10     | Killed a two-headed ogre
  9866 | D:10     | Found a blossoming altar of Fedhas.
  9997 | D:11     | Noticed a two-headed ogre
 10004 | D:11     | Killed a two-headed ogre
 10012 | D:11     | Noticed a two-headed ogre
 10026 | D:11     | Killed a two-headed ogre
 10026 | D:11     | Reached skill level 12 in Axes
 10337 | D:11     | Reached XP level 12. HP: 101/101 MP: 16/16
 11580 | Lair:1   | Entered Level 1 of the Lair of Beasts
 11681 | Lair:1   | Reached skill level 13 in Axes
 11742 | Lair:1   | Noticed Joseph
 11752 | Lair:1   | Killed Joseph
 11859 | Lair:1   | Noticed Erica
 11874 | Lair:1   | Killed Erica
 11973 | Lair:1   | Noticed a seven-headed hydra
 11974 | Lair:1   | Killed a seven-headed hydra
 12224 | Lair:1   | Reached skill level 8 in Fighting
 12542 | Lair:2   | Noticed a five-headed hydra
 12546 | Lair:2   | Killed a five-headed hydra
 12573 | Lair:2   | Found a glowing silver altar of Zin.
 12652 | Lair:2   | Reached skill level 14 in Axes
 12679 | Lair:2   | Noticed a four-headed hydra
 12684 | Lair:2   | Killed a four-headed hydra
 12748 | Lair:2   | Reached skill level 9 in Fighting
 13290 | Lair:3   | Found a staircase to the Snake Pit.
 13620 | Lair:3   | Reached XP level 13. HP: 98/112 MP: 17/17
 14378 | Lair:4   | Reached skill level 7 in Invocations
 14379 | Lair:4   | Reached skill level 10 in Fighting
 14686 | Lair:4   | You fall through a shaft for 2 floors!
 14686 | Lair:6   | Entered Level 6 of the Lair of Beasts
 14686 | Lair:6   | Found a staircase to the Slime Pits.
 14725 | Lair:6   | Reached skill level 8 in Invocations
 14900 | Lair:6   | Noticed Sonja
 14902 | Lair:6   | Noticed Sonja
 14902 | Lair:6   | Sonja changed into Sonja the crocodile
 14909 | Lair:6   | Killed Sonja the crocodile
 15236 | Lair:6   | Reached skill level 9 in Invocations
 15769 | Lair:4   | Found a staircase to the Shoals.
 16433 | Lair:5   | Reached skill level 15 in Axes
 16547 | Lair:5   | Reached skill level 10 in Invocations
 16548 | Lair:5   | Reached skill level 1 in Dodging
 16783 | Lair:5   | You fall through a shaft!
 16877 | Lair:6   | HP: 28/113 [poisoned by a black mamba]
 16882 | Lair:6   | HP: 22/113 [poisoned by a black mamba]
 16887 | Lair:6   | HP: 17/113 [poisoned by a black mamba]
 16892 | Lair:6   | HP: 14/113 [poisoned by a black mamba]
 16897 | Lair:6   | HP: 12/113 [poisoned by a black mamba]
 16902 | Lair:6   | HP: 11/113 [poisoned by a black mamba]
 16907 | Lair:6   | HP: 10/113 [poisoned by a black mamba]
 16915 | Lair:6   | HP: 11/113 [poisoned by a black mamba]
 17451 | Lair:5   | Reached skill level 2 in Dodging
 17490 | Lair:5   | Got an encrusted chain mail
 17501 | Lair:5   | Identified the +1 chain mail of Merhun {Str+4 Dex-5 Stlth+}
                  | (You found it on level 5 of the Lair of Beasts)
 17525 | Lair:5   | Got a jet-studded scale mail
 17553 | Lair:5   | Identified the cursed +0 scale mail of Fortification
                  | {Stlth+} (You found it on level 5 of the Lair of Beasts)
 17944 | Lair:6   | Reached XP level 14. HP: 106/121 MP: 21/21
 18442 | Lair:6   | Reached skill level 3 in Dodging
 19437 | Lair:6   | Found a large runed translucent door.
 19438 | Lair:6   | Found a large runed translucent door.
 19912 | D:12     | Reached skill level 4 in Dodging
 19948 | D:12     | Found a staircase to the Orcish Mines.
 20709 | D:12     | Found Xopekuime's Antique Armour Emporium.
 20889 | Orc:1    | Entered Level 1 of the Orcish Mines
 20894 | Orc:1    | Found a roughly hewn altar of Beogh.
 21082 | Orc:2    | Entered Level 2 of the Orcish Mines
 21093 | Orc:2    | Found a staircase to the Elven Halls.
 21431 | Orc:2    | Gained mutation: You occasionally shout uncontrollably at
                  | your foes. [a neqoxec]
 21437 | Orc:2    | Found Atwejixo's General Store.
 21447 | Orc:2    | Reached skill level 5 in Dodging
 21453 | Orc:2    | Lost mutation: You occasionally shout uncontrollably at
                  | your foes. [potion of mutation]
 21453 | Orc:2    | Gained mutation: You expend magic power (3 MP) to
                  | strengthen your wands. [potion of mutation]
 21453 | Orc:2    | Gained mutation: You are agile. (Dex +2) [potion of
                  | mutation]
 21648 | Orc:2    | Found Heehira's Armour Shoppe.
 21683 | Orc:2    | Reached skill level 16 in Axes
 21692 | Orc:2    | Paralysed by an orc sorcerer for 5 turns
 21965 | Orc:2    | Found Xusse's Jewellery Boutique.
 22060 | Orc:2    | Noticed an orc warlord
 22072 | Orc:2    | Killed an orc warlord
 22300 | Orc:2    | Found Jaumad's Antique Armour Shoppe.
 22313 | Orc:2    | Bought a pair of embroidered gloves for 210 gold pieces
 22313 | Orc:2    | Bought a faintly glowing chain mail for 266 gold pieces
 22313 | Orc:2    | Bought a runed chain mail for 210 gold pieces
 22323 | Orc:2    | Identified the +1 chain mail of the World {MR+ Int+4 Dex-3
                  | Stlth+} (You bought it in a shop on level 2 of the Orcish
                  | Mines)
 22367 | Orc:2    | Found a roughly hewn altar of Beogh.
 22718 | Orc:2    | Found Caquf's Antique Weapon Shop.
 23713 | D:13     | Reached skill level 17 in Axes
 23722 | D:13     | Noticed Snorg
 23739 | D:13     | HP: 18/121 [Snorg (17)]
 23739 | D:13     | HP: 6/121 [Snorg (12)]
 23739 | D:13     | Mangled by Snorg

Levels and vault maps discovered:
D:1:      co_arrival_square_in_a_square_in_a_square, layout_basic
D:2:      layout_loops_ring, st_stairs_11, minmay_hedge_maze
D:3:      layout_basic, vehumet_crystals
D:4:      layout_loops_ring, dancing_weapons_uskayaw, first_ration,
          grunt_ministairs_6
D:5:      layout_basic, lemuel_doored_altar, okawaru_gym_becter,
          nicolae_overflow_hidden_temple, gammafunk_temple_overflow_forgotten,
          uniq_ijyb, uniq_grinder, uniq_prince_ribbit1
D:6:      layout_cave_pools, nicolae_ru_sacrificial_ziggurat, temple_statues
D:7:      layout_rooms, kennysheep_mini_moat, enter_ossuary_2, the_bakery,
          serial_bayou_crossing
D:8:      layout_loops_cross, kennysheep_little_box, ebering_ghost_xom,
          serial_aquarium, aquarium_bridge_long_separate
          [aquarium_subvault_wall, aquarium_subvault_bridge,
          aquarium_subvault_window, aquarium_subvault_window,
          aquarium_subvault_bridge, aquarium_subvault_bridge],
          aquarium_bridge_square [aquarium_subvault_bridge,
          aquarium_subvault_wall, aquarium_subvault_wall,
          aquarium_subvault_balcony], aquarium_window_fake,
          aquarium_window_fake, aquarium_window_1, aquarium_view_2c,
          aquarium_view_2e, aquarium_balcony_3b, aquarium_pool_split,
          uniq_psyche
D:9:      layout_roguey, grunt_ministairs_4
D:10:     layout_basic, due_lair_maze_entry_diamond, serial_shops,
          nicolae_shop_trees, chequers_decorated_corner, fedhas_altar_4
D:11:     layout_layer_cave, ebering_dispersal_statue_hall, lemuel_flame_loot_1
D:12:     layout_long_grid, david_orc_3, serial_shops, nicolae_shop_crystal,
          hangedman_abyss_or_decor_clamps
D:13:     layout_layer_cave, david_vaults_2, nicolae_trove_entry_crossroad,
          hangedman_feature_mirror, uniq_snorg
Lair:1:   layout_roguey, grunt_megastairs_5, uniq_joseph, uniq_erica
Lair:2:   layout_regular_city, basic_altar
Lair:3:   layout_regular_city, minmay_snake_entry_six_corridors, serial_forest,
          infiniplex_forest_end_double, infiniplex_forest_clump_diagonal,
          infiniplex_forest_clump_curved, infiniplex_forest_straight_5,
          infiniplex_forest_straight_4, infiniplex_forest_end_1,
          infiniplex_forest_clump_small, infiniplex_forest_end_2
Lair:4:   layout_roguey, elwin_shoals_entry_stream, serial_rivers,
          chequers_serial_rivers_room_a, chequers_serial_rivers_room_a,
          chequers_serial_rivers_small_b, chequers_serial_rivers_small_b,
          columned_hall_lemuel
Lair:5:   layout_gridlike, lemuel_fruit_tree, minmay_lair_oklob_chamber
Lair:6:   cheibrodos_lair_end_hotspot, layout_cave_pods,
          nicolae_slime_entry_slimehenge, ice2_lemuel, uniq_sonja
Orc:1:    layout_diamond_mine, basic_altar
Orc:2:    grunt_orc_gardens, layout_caves, grunt_orc_garden, grunt_orc_garden,
          grunt_orc_garden, grunt_orc_garden, serial_shops, shop, mines2_david

Skill      XL: |  1  2  3  4  5  6  7  8  9 10 11 12 13 14 |
---------------+-------------------------------------------+-----
Axes           | 2 3 4 5 8 12 14 15 17 | 17.0
Armour         | 3 4 5 |  5.8
Fighting       | 4 5 6 7 9 10 | 10.0
Shields        | 3 4 5 |  5.7
Evocations     | 1 2 3 5 |  5.0
Invocations    | 2 3 5 6 10 | 10.0
Dodging        | 2 5 |  5.0

Action                   |  1- 3 |  4- 6 |  7- 9 | 10-12 | 13-15 || total
-------------------------+-------+-------+-------+-------+-------++-------
Melee: War axe           |    62 |   124 |   355 |    73 |       ||   614
       Kick              |    17 |    24 |    86 |   136 |   219 ||   482
       Battleaxe         |       |       |       |   414 |   666 ||  1080
Throw: Javelin           |     2 |       |       |       |     5 ||     7
Invok: Stomp             |       |       |     1 |       |     3 ||     4
       Grand Finale      |       |       |       |     1 |       ||     1
       Line Pass         |       |       |       |     2 |     5 ||     7
Evoke: Wand              |       |     1 |     9 |    14 |    10 ||    34
  Use: Scroll            |     4 |     7 |     6 |    11 |     7 ||    35
       Potion            |       |       |     5 |       |     1 ||     6
 Stab: Paralysed         |       |     3 |    24 |    49 |    52 ||   128
       Invisible         |       |       |       |     1 |       ||     1
       Confused          |       |       |       |     1 |     1 ||     2
  Eat: Chunk             |       |     4 |    12 |    23 |    25 ||    64
       Ration            |       |       |       |       |     1 ||     1
Armor: Chain mail        |    31 |    61 |    17 |       |    33 ||   142
       Plate armour      |       |       |   217 |   246 |   282 ||   745
       Skin              |       |       |    33 |       |       ||    33
Dodge: Dodged            |     7 |    15 |    27 |   167 |   287 ||   503
Block: Shield            |    29 |    90 |   244 |    32 |       ||   395
       Reflection        |       |     4 |     1 |       |     1 ||     6
       Other             |       |       |       |    60 |    76 ||   136

Table legend:
 A = Non-vault XP
 B = Vault XP
 C = Vault XP percentage of total XP
 D = Non-vault monster count
 E = Vault monster count
 F = Vault count percentage of total count
                 A         B        C        D         E       F
            +---------+---------+-------+---------+---------+-------
      Total |   68010 |   30333 |  30.8 |     504 |     136 |  21.2
            +---------+---------+-------+---------+---------+-------
        D:1 |       8 |       0 |   0.0 |       4 |       0 |   0.0
        D:2 |     174 |      18 |   9.4 |      33 |       4 |  10.8
        D:3 |     343 |       0 |   0.0 |      20 |       0 |   0.0
        D:4 |     284 |       3 |   1.0 |       8 |       1 |  11.1
        D:5 |     317 |     589 |  65.0 |      13 |       3 |  18.8
        D:6 |    1523 |       0 |   0.0 |      28 |       0 |   0.0
        D:7 |    1231 |     215 |  14.9 |      32 |       1 |   3.0
        D:8 |    4072 |     418 |   9.3 |      37 |       1 |   2.6
        D:9 |    2773 |      13 |   0.5 |      38 |       1 |   2.6
       D:10 |    6071 |    1436 |  19.1 |      38 |      10 |  20.8
       D:11 |    5130 |       0 |   0.0 |      38 |       0 |   0.0
       D:12 |    3764 |     749 |  16.6 |      28 |       7 |  20.0
       D:13 |    4206 |       0 |   0.0 |      15 |       0 |   0.0
     Lair:1 |    3889 |    2794 |  41.8 |      14 |       9 |  39.1
     Lair:2 |    3666 |       0 |   0.0 |      11 |       0 |   0.0
     Lair:3 |    2992 |    1970 |  39.7 |      19 |      16 |  45.7
     Lair:4 |    4737 |    1362 |  22.3 |      16 |       4 |  20.0
     Lair:5 |    6583 |     140 |   2.1 |      30 |       1 |   3.2
     Lair:6 |    9978 |   10672 |  51.7 |      26 |      46 |  63.9
      Orc:1 |    2785 |       0 |   0.0 |      20 |       0 |   0.0
      Orc:2 |    3484 |    9954 |  74.1 |      36 |      32 |  47.1
            +---------+---------+-------+---------+---------+-------

Levels and vault maps discovered:
D:1:      co_arrival_square_in_a_square_in_a_square, layout_basic
D:2:      layout_loops_ring, st_stairs_11, minmay_hedge_maze
D:3:      layout_basic, vehumet_crystals
D:4:      layout_loops_ring, dancing_weapons_uskayaw, first_ration,
          grunt_ministairs_6
D:5:      layout_basic, lemuel_doored_altar, okawaru_gym_becter,
          nicolae_overflow_hidden_temple, gammafunk_temple_overflow_forgotten,
          uniq_ijyb, uniq_grinder, uniq_prince_ribbit1
D:6:      layout_cave_pools, nicolae_ru_sacrificial_ziggurat, temple_statues
D:7:      layout_rooms, kennysheep_mini_moat, enter_ossuary_2, the_bakery,
          serial_bayou_crossing
D:8:      layout_loops_cross, kennysheep_little_box, ebering_ghost_xom,
          serial_aquarium, aquarium_bridge_long_separate
          [aquarium_subvault_wall, aquarium_subvault_bridge,
          aquarium_subvault_window, aquarium_subvault_window,
          aquarium_subvault_bridge, aquarium_subvault_bridge],
          aquarium_bridge_square [aquarium_subvault_bridge,
          aquarium_subvault_wall, aquarium_subvault_wall,
          aquarium_subvault_balcony], aquarium_window_fake,
          aquarium_window_fake, aquarium_window_1, aquarium_view_2c,
          aquarium_view_2e, aquarium_balcony_3b, aquarium_pool_split,
          uniq_psyche
D:9:      layout_roguey, grunt_ministairs_4
D:10:     layout_basic, due_lair_maze_entry_diamond, serial_shops,
          nicolae_shop_trees, chequers_decorated_corner, fedhas_altar_4
D:11:     layout_layer_cave, ebering_dispersal_statue_hall, lemuel_flame_loot_1
D:12:     layout_long_grid, david_orc_3, serial_shops, nicolae_shop_crystal,
          hangedman_abyss_or_decor_clamps
D:13:     layout_layer_cave, david_vaults_2, nicolae_trove_entry_crossroad,
          hangedman_feature_mirror, uniq_snorg
Lair:1:   layout_roguey, grunt_megastairs_5, uniq_joseph, uniq_erica
Lair:2:   layout_regular_city, basic_altar
Lair:3:   layout_regular_city, minmay_snake_entry_six_corridors, serial_forest,
          infiniplex_forest_end_double, infiniplex_forest_clump_diagonal,
          infiniplex_forest_clump_curved, infiniplex_forest_straight_5,
          infiniplex_forest_straight_4, infiniplex_forest_end_1,
          infiniplex_forest_clump_small, infiniplex_forest_end_2
Lair:4:   layout_roguey, elwin_shoals_entry_stream, serial_rivers,
          chequers_serial_rivers_room_a, chequers_serial_rivers_room_a,
          chequers_serial_rivers_small_b, chequers_serial_rivers_small_b,
          columned_hall_lemuel
Lair:5:   layout_gridlike, lemuel_fruit_tree, minmay_lair_oklob_chamber
Lair:6:   cheibrodos_lair_end_hotspot, layout_cave_pods,
          nicolae_slime_entry_slimehenge, ice2_lemuel, uniq_sonja
Orc:1:    layout_diamond_mine, basic_altar
Orc:2:    grunt_orc_gardens, layout_caves, grunt_orc_garden, grunt_orc_garden,
          grunt_orc_garden, grunt_orc_garden, serial_shops, shop, mines2_david

Table legend:
 A = Turns spent in this place as a percentage of turns spent in the entire game.
 B = Non-inter-level travel turns spent in this place as a percentage of non-inter-level travel turns spent in the entire game.
 C = Inter-level travel turns spent in this place as a percentage of turns spent in this place.
 D = Turns resting spent in this place as a percentage of non-inter-level travel turns spent in this place.
 E = Turns spent auto-exploring this place as a percentage of non-inter-level travel turns spent in this place.
 F = Non-inter-level travel turns spent in this place divided by the number of levels of this place that you've seen.
                   A       B       C       D       E      F
               +-------+-------+-------+-------+-------+----------------------
         Total | 100.0 | 100.0 |   6.3 |  17.9 |  63.6 | 1058.7
       Dungeon |  55.0 |  54.5 |   7.2 |  15.0 |  65.2 | 931.8
          Lair |  34.8 |  35.3 |   5.2 |  23.0 |  61.2 | 1306.7
  Orcish Mines |  10.2 |  10.3 |   5.9 |  15.8 |  63.8 | 1139.5
               +-------+-------+-------+-------+-------+----------------------

Table legend:
 A = Kills in this place as a percentage of kills in entire the game.
 B = Kills by you in this place as a percentage of kills by you in the entire game.
 C = Kills by friends in this place as a percentage of kills by friends in the entire game.
 D = Other kills in this place as a percentage of other kills in the entire game.
 E = Experience gained in this place as a percentage of experience gained in the entire game.
 F = Experience gained in this place divided by the number of levels of this place that you have seen.
                   A       B       C       D       E      F
               +-------+-------+-------+-------+-------+----------------------
         Total | 100.0 | 100.0 |   N/A | 100.0 | 100.0 | 4683.0
       Dungeon |  56.2 |  56.3 |   N/A |   0.0 |  33.9 | 2564.4
          Lair |  30.0 |  30.0 |   N/A |   0.0 |  49.6 | 8130.5
  Orcish Mines |  13.8 |  13.6 |   N/A | 100.0 |  16.5 | 8111.5
               +-------+-------+-------+-------+-------+----------------------
